 Dungeon Crawl Stone Soup version 0.25-a0-513-ge77a69270c (webtiles) character file.

Game seed: 10320068175964701689, levelgen mode: deterministic

1198 mopl the Changer (level 8, -1/43 HPs)
             Began as a Kobold Transmuter on Feb 16, 2020.
             Was a Believer of Elyvilon.
             Killed from afar by an electric eel (8 damage)
             ... with a bolt of electricity
             ... on level 6 of the Dungeon.
             The game lasted 00:11:57 (7140 turns).

mopl the Changer (Kobold Transmuter)                Turns: 7140, Time: 00:11:57

Health: -1/43      AC:  2    Str:  7    XL:     8   Next: 72%
Magic:  15/15      EV: 21    Int: 16    God:    Elyvilon [**....]
Gold:   250        SH:  0    Dex: 24    Spells: 2/17 levels left

rFire    . . .     SeeInvis .     - Unarmed
rCold    . . .     Gourm    .   (shield currently unavailable)
rNeg     . . .     Faith    .   (armour currently unavailable)
rPois    x         Spirit   .   (helmet currently unavailable)
rElec    .         Reflect  .   (cloak currently unavailable)
rCorr    .         Harm     .   (gloves currently unavailable)
MR       .....                  (boots currently unavailable)
Stlth    +++.......             k - amulet of magic regeneration
HPRegen  0.14/turn              p - +3 ring of dexterity
MPRegen  0.39/turn              e - ring of stealth

@: spider-form (expiring)
A: tiny, carnivore
a: End Transformation, Lesser Healing, Heal Other, Divine Protection, Renounce
Religion


You were on level 6 of the Dungeon.
You worshipped Elyvilon.
Elyvilon was pleased with you.
You were very full.
You were a venomous arachnid creature.
You visited 1 branch of the dungeon, and saw 6 of its levels.

You collected 250 gold pieces.

Inventory:

Hand Weapons
 v - the +1 dagger of Amortisation {holy, rElec rN+ Dex+2}
   (You found it on level 4 of the Dungeon)

   It has been blessed by the Shining One to cause great damage to the undead
   and demons.
   It affects your dexterity (+2).
   It insulates you from electricity.
   It protects you from negative energy.
Missiles
 a - 12 arrows
 n - 7 atropa-tipped darts (quivered)
 r - 2 boomerangs
 F - 2 throwing nets
Armour
 b - a +0 robe (melded)
 o - a +1 pair of boots (melded)
 w - a +0 helmet (melded)
Jewellery
 e - a ring of stealth (right front leg)
 k - an amulet of magic regeneration (around neck)
 p - a +3 ring of dexterity (left front leg)
 y - a +4 ring of evasion {unknown}
Wands
 q - a wand of random effects (22)
 t - a wand of iceblast (9)
Scrolls
 c - 3 scrolls of amnesia {unknown}
 f - 6 scrolls of remove curse
 h - 3 scrolls of teleportation {unknown}
 i - 3 scrolls of random uselessness {unknown}
 j - 2 scrolls of enchant armour {unknown}
 u - a scroll of blinking {unknown}
 A - a scroll of immolation {unknown}
Potions
 g - a potion of agility
 l - 2 potions of lignification {!q}
 m - a potion of heal wounds
 s - a potion of mutation {!q}
 x - a potion of curing
 z - a potion of cancellation
 B - 2 potions of might
 C - 2 potions of haste {unknown}
 D - a potion of ambrosia {unknown}
Comestibles
 d - 7 rations


   Skills:
 - Level 1.1 Fighting
 - Level 2.4 Dodging
 + Level 6.0 Unarmed Combat
 - Level 5.0 Spellcasting
 * Level 6.2 Transmutations
 - Level 3.0 Ice Magic
 - Level 1.0 Poison Magic


You had 2 spell levels left.
You knew the following spells:

 Your Spells              Type           Power        Failure   Level  Hunger
a - Beastly Appendage     Tmut           ###...       5%          1    None
b - Spider Form           Tmut/Pois      ###.......   26%         3    ###....
c - Blade Hands           Tmut           ###.......   54%         5    ######.
d - Ice Form              Ice/Tmut       ###.....     43%         4    ####...
w - Sticks to Snakes      Tmut           ###.....     8%          2    #......

Your spell library contained the following spells:

 Spells                   Type           Power        Failure   Level  Hunger


Dungeon Overview and Level Annotations

Branches:
Dungeon (6/15)
 Temple: D:4-7

Altars:
Elyvilon
Kikubaaqudgha
Makhleb
Trog
Vehumet
Xom

Shops:
D:4 %   D:5 [


Innate Abilities, Weirdness & Mutations

You are small and have problems with some larger weapons.
You are carnivorous and can eat meat at any time.


Message History

Your +0 helmet melds into your body.
Your +1 pair of boots melds into your body.
Your +0 robe melds into your body.
The electric eel shoots out a bolt of lightning at you!
The bolt of electricity hits the plant.
The bolt of electricity hits the plant!
The bolt of electricity hits you!
The electric eel shoots out a bolt of lightning at you!
The bolt of electricity hits the plant!
The bolt of electricity misses you. The bolt of electricity hits you.
The bolt of electricity hits the plant!
You see here a ration.
The electric eel shoots out a bolt of lightning at you!
The bolt of electricity hits the plant!
The bolt of electricity misses you.
The electric eel shoots out a bolt of lightning at you!
The bolt of electricity hits the plant!
The bolt of electricity hits you! x2
* * * LOW HITPOINT WARNING * * *
Your transformation is almost over.
The electric eel shoots out a bolt of lightning at you!
The bolt of electricity hits the plant!
The bolt of electricity misses you. The bolt of electricity hits you!
You die...

########
###...PPPP
###...PPPP≈.
######...≈P.PPP≈P
#.....%P≈PP≈♣≈≈PP
##.#.#PPPP♣≈≈≈P≈P.
#..PP.P≈≈♣≈≈.PPP..
#s≈≈P;≈≈♣PPP......
#.PP≈≈≈≈♣P..#.....
#..≈≈≈♣♣PPP.#..###
##.P≈≈≈≈♣PPP#..###
#PPP≈♣♣≈≈P.≈.....
##≈≈PP≈≈♣♣≈≈P≈P≈.
#P≈PP≈≈≈♣≈≈≈≈≈P
###.P≈PP≈P♣≈≈≈
...≈P≈P..P.


You could see an electric eel.

Vanquished Creatures
  Sigmund (D:6)
  A sky beast (D:5)
  3 ogres (D:4)
  Blork the orc (D:5)
  A bullfrog (D:5)
  2 scorpions
  4 hounds
  2 centaur skeletons (D:5)
  A bullfrog skeleton (D:5)
  2 worker ants (D:5)
  A killer bee zombie (D:5)
  4 gnolls
  4 adders
  An ooze (D:1)
  3 worms
  3 dart slugs
  A leopard gecko (D:4)
  12 orcs
  3 ball pythons
  3 giant cockroaches
  4 goblins
  10 hobgoblins
  5 jackals
  7 bats
  A frilled lizard (D:1)
  4 kobolds
  A quokka skeleton (D:4)
  14 rats
99 creatures vanquished.

Notes
Turn   | Place    | Note
-------+----------+-------------------------------------------
     0 | D:1      | mopl the Kobold Transmuter began the quest for the Orb.
     0 | D:1      | Reached XP level 1. HP: 12/12 MP: 3/3
   307 | D:1      | Reached XP level 2. HP: 13/16 MP: 5/5
   311 | D:1      | Learned a level 2 spell: Sticks to Snakes
   757 | D:1      | Reached XP level 3. HP: 18/20 MP: 4/6
   791 | D:1      | Learned a level 3 spell: Spider Form
  1652 | D:2      | Reached skill level 1 in Poison Magic
  1652 | D:2      | Reached XP level 4. HP: 22/25 MP: 6/8
  2012 | D:2      | Reached skill level 3 in Spellcasting
  2720 | D:3      | Reached skill level 3 in Transmutations
  3293 | D:3      | Reached skill level 4 in Unarmed Combat
  3293 | D:3      | Reached XP level 5. HP: 27/29 MP: 8/10
  3299 | D:3      | Learned a level 4 spell: Ice Form
  3484 | D:3      | Found a radiant altar of Vehumet.
  3971 | D:4      | Noticed an ogre
  3974 | D:4      | Got a transparent dagger
  3975 | D:4      | Identified the cursed +1 dagger of Amortisation {holy,
                  | rElec rN+ Dex+2} (You found it on level 4 of the Dungeon)
  3985 | D:4      | Killed an ogre
  3985 | D:4      | Reached skill level 1 in Ice Magic
  3985 | D:4      | Reached XP level 6. HP: 24/34 MP: 9/11
  4298 | D:4      | Found a white marble altar of Elyvilon.
  4309 | D:4      | Reached skill level 4 in Spellcasting
  4324 | D:4      | Became a worshipper of Elyvilon the Healer
  4366 | D:4      | Noticed an ogre
  4378 | D:4      | Killed an ogre
  4378 | D:4      | Reached skill level 4 in Transmutations
  4378 | D:4      | Reached skill level 2 in Ice Magic
  4378 | D:4      | Reached XP level 7. HP: 38/38 MP: 13/13
  4436 | D:4      | Found Huthai's Food Shoppe.
  4484 | D:4      | Noticed a moth of wrath
  4487 | D:4      | Found a bloodstained altar of Trog.
  4667 | D:4      | Found a burning altar of Makhleb.
  4965 | D:5      | Entered Level 5 of the Dungeon
  4977 | D:5      | Reached skill level 5 in Unarmed Combat
  5152 | D:5      | Found Zahuash's Armour Emporium.
  5254 | D:5      | Found a shimmering altar of Xom.
  5255 | D:5      | Found a shimmering altar of Xom.
  5258 | D:5      | Found a shimmering altar of Xom.
  5384 | D:5      | Reached skill level 3 in Ice Magic
  5395 | D:5      | Reached * piety under Elyvilon
  5547 | D:5      | Learned a level 5 spell: Blade Hands
  5556 | D:5      | Reached XP level 8. HP: 43/43 MP: 12/15
  5648 | D:5      | Reached skill level 5 in Transmutations
  6277 | D:6      | Noticed Blork the orc
  6304 | D:5      | Reached skill level 5 in Spellcasting
  6569 | D:5      | Killed Blork the orc
  6726 | D:6      | Reached ** piety under Elyvilon
  6759 | D:6      | Found an ancient bone altar of Kikubaaqudgha.
  6767 | D:6      | Noticed Sigmund
  6788 | D:6      | Killed Sigmund
  6788 | D:6      | Reached skill level 6 in Unarmed Combat
  6788 | D:6      | Reached skill level 6 in Transmutations
  7140 | D:6      | Killed from afar by an electric eel

Levels and vault maps discovered:
D:1:      tarquinn_simple_flora_water_a, layout_loops_corners,
          hangedman_decor_growths
D:2:      kennysheep_six_static_rooms, layout_basic, serial_curves,
          eino_curves_03, eino_curves_02, eino_tiny_chamber, minmay_misc_feat_x
D:3:      layout_basic, fiery_altar_vehumet, first_ration, minivault_5
D:4:      layout_cave_pods, tgw_trog, kennysheep_mini_moat,
          makhleb_heckhound_becter, serial_shops, shop
D:5:      layout_gridville, xom_redecorated, serial_shops, nicolae_shop_trees
D:6:      layout_gridville, lemuel_round_altar, serial_bayou,
          serial_bayou_lagoon_a, serial_bayou_shore_a, serial_bayou_lake_a,
          serial_bayou_shore_b, roderic_serpentine_path, uniq_sigmund,
          uniq_grinder, uniq_blork_the_orc

Skill      XL: |  1  2  3  4  5  6  7  8 |
---------------+-------------------------+-----
Poison Magic   | 1 |  1.0
Spellcasting   | 3 4 5 |  5.0
Transmutations | 3 4 6 |  6.2
Unarmed Combat | 4 5 6 |  6.0
Ice Magic      | 1 2 3 |  3.0
Fighting       | |  1.1
Dodging        | |  2.4

Action                   |  1- 3 |  4- 6 |  7- 9 || total
-------------------------+-------+-------+-------++-------
Melee: Unarmed           |   143 |   175 |   128 ||   446
       Headbutt          |     2 |       |       ||     2
       Kick              |     6 |     1 |     5 ||    12
       Punch             |     3 |     2 |       ||     5
 Cast: Beastly Appendage |     9 |     3 |     2 ||    14
       Spider Form       |     3 |    19 |    13 ||    35
       Ice Form          |       |       |     1 ||     1
  Use: Scroll            |       |     6 |     2 ||     8
 Stab: Sleeping          |       |     3 |     2 ||     5
  Eat: Chunk             |    12 |    11 |     9 ||    32
Armor: Robe              |    22 |    11 |     3 ||    36
       Skin              |     1 |     4 |     5 ||    10
Dodge: Dodged            |   138 |   130 |   118 ||   386

Table legend:
 A = Non-vault XP
 B = Vault XP
 C = Vault XP percentage of total XP
 D = Non-vault monster count
 E = Vault monster count
 F = Vault count percentage of total count
                 A         B        C        D         E       F
            +---------+---------+-------+---------+---------+-------
      Total |    1312 |     400 |  23.4 |      85 |      14 |  14.1
            +---------+---------+-------+---------+---------+-------
        D:1 |      46 |       0 |   0.0 |      23 |       0 |   0.0
        D:2 |      38 |      11 |  22.4 |      12 |       6 |  33.3
        D:3 |      91 |       0 |   0.0 |      21 |       0 |   0.0
        D:4 |     532 |      55 |   9.4 |      15 |       6 |  28.6
        D:5 |     549 |      96 |  14.9 |      12 |       1 |   7.7
        D:6 |      56 |     238 |  81.0 |       2 |       1 |  33.3
            +---------+---------+-------+---------+---------+-------
